 Dungeon Crawl Stone Soup version 0.29.1-2-gbd0b4ee654 (webtiles) character file.

Game seed: 14918741195247198546

119 Ihaveafatcat the Covered (level 4, -2/41 HPs)
             Began as a Minotaur Fighter on Nov 22, 2022.
             Was a Believer of Qazlal.
             Succumbed to a water moccasin's poison
             ... on level 3 of the Dungeon.
             The game lasted 00:03:21 (3019 turns).

Ihaveafatcat the Covered (Minotaur Fighter)         Turns: 3019, Time: 00:03:22

Health: -2/41      AC:  7    Str: 23    XL:     4   Next: 73%
Magic:  3/3        EV:  9    Int:  5    God:    Qazlal [**....]
Gold:   204        SH:  7    Dex:  9    Spells: 3/3 levels left

rFire   . . .      SeeInvis .   a - +0 war axe
rCold   . . .      Faith    .   c - +0 buckler
rNeg    . . .      Spirit   .   b - +0 scale mail
rPois   .          Reflect  .   (helmet restricted)
rElec   .          Harm     .   (no cloak)
rCorr   .          Rampage  .   (no gloves)
Will    .....                   (no boots)
Stlth   ..........              (no amulet)
HPRegen 0.13/turn               (no ring)
MPRegen 0.08/turn               (no ring)

@: mighty, lethally poisoned (-2 -> -21)
A: horns 2, retaliatory headbutt
a: Renounce Religion, Upheaval


You were on level 3 of the Dungeon.
You worshipped Qazlal.
Qazlal was pleased with you.
You visited 1 branch of the dungeon, and saw 3 of its levels.

You collected 204 gold pieces.

Inventory:

Hand Weapons
 a - a +0 war axe (weapon)
Armour
 b - a +0 scale mail (worn)
 c - a +0 buckler (worn)
Scrolls
 e - a scroll of fog {unknown}
 f - a scroll of enchant weapon {unknown}
 g - a scroll of torment {unknown}
 h - 2 scrolls of identify {unknown}
 i - a scroll of immolation {unknown}
 j - a scroll of teleportation {unknown}
 k - 3 scrolls of amnesia {unknown}
 o - a scroll of magic mapping {unknown}
 p - a scroll of poison {unknown}
 q - a scroll of enchant armour {unknown}
Potions
 l - a potion of invisibility {unknown}
 m - a potion of curing {unknown}
 n - a potion of flight {unknown}


   Skills:
 + Level 4.4 Fighting
 + Level 3.8 Axes
 + Level 4.9 Armour
 + Level 0.2 Dodging
 + Level 0.3 Stealth
 + Level 4.1 Shields


You had 3 spell levels left.
You didn't know any spells.
Your spell library was empty.

Dungeon Overview and Level Annotations

Branches:
Dungeon (3/15)

Altars:
Qazlal
Xom

Shops:
D:3 =


Innate Abilities, Weirdness & Mutations

You have a pair of horns on your head.
You reflexively headbutt those who attack you in melee.


Message History

You see here a +0 club.
You start resting.
You hear a shout!
A goblin comes into view. It is wielding a +0 club.
You hear a shout!
A goblin is nearby!
A goblin is nearby!
A goblin is nearby!
A goblin comes into view. It is wielding a +0 dagger.
The goblin hits you but does no damage.
The goblin throws a stone.
You block the stone.
You see here a +0 club.
The goblin barely misses you.
The goblin reads a scroll.
Wisps of shadow swirl around the goblin.
You closely miss the goblin. You headbutt the goblin.
You kill the goblin!
Qazlal accepts your kill.
You slash the rat!
You kill the rat!
The rat's corpse dissolves into shadows!
The goblin throws a stone.
The stone barely misses you.
You feel very mighty all of a sudden.
You hit the goblin.
The goblin is heavily wounded.
The goblin hits you but does no damage. You block the water moccasin's attack.
You closely miss the goblin.
The goblin is heavily wounded.
You slash the water moccasin! The water moccasin closely misses you.
The goblin hits you with a +0 dagger.
* * * LOW HITPOINT WARNING * * *
You barely miss the goblin.
The goblin is heavily wounded.
You hit the water moccasin. The water moccasin bites you!
* * * LOW HITPOINT WARNING * * *
You are lethally poisoned!
The water moccasin poisons you! The goblin hits you but does no damage.
The water moccasin bites you.
* * * LOW HITPOINT WARNING * * *
The goblin hits you but does no damage.
You die...

≈≈
#.....#≈≈≈≈≈≈≈###..
.
#.....#.....≈≈≈###.
#.....#......≈≈# ##
#..†..##'##..≈≈# #
#..)).#...#..≈≈# #
#.....#...#..≈≈# ##
#. #.....#.).# ##.
##'##....)##)## #..
#....S@.)†.))# ##.
#...Jg.).....#
≈≈####
#...##########
.≈≈.... #...
#≈≈#### #.. #


You could see a water moccasin (summoned), an endoplasm (summoned) and a goblin.

Vanquished Creatures
  Robin (D:3)
  An adder (D:2)
  A worm (D:3)
  2 dart slugs (D:1)
  3 orcs (D:3)
  5 bats
  7 endoplasms
  22 goblins
  9 hobgoblins
  3 jackals (D:3)
  5 kobolds
  4 quokkas
  7 ball pythons
  2 frilled lizards
  6 rats
78 creatures vanquished.

Notes
Turn   | Place    | Note
-------+----------+-------------------------------------------
     0 | D:1      | Ihaveafatcat the Minotaur Fighter began the quest for the
                  | Orb.
     0 | D:1      | Reached XP level 1. HP: 19/19 MP: 0/0
   190 | D:1      | Reached XP level 2. HP: 27/27 MP: 1/1
   846 | D:1      | Reached XP level 3. HP: 33/33 MP: 2/2
  1248 | D:2      | Found a faded altar of an unknown god.
  1900 | D:2      | Prayed at the altar of an unknown god.
  1900 | D:2      | Became a worshipper of Qazlal Stormbringer
  1900 | D:2      | Reached * piety under Qazlal
  2108 | D:3      | Reached XP level 4. HP: 36/40 MP: 3/3
  2627 | D:3      | Found a shimmering altar of Xom.
  2806 | D:3      | Found Cigagotei's Jewellery Shoppe.
  2948 | D:3      | Identified the +0 helmet of Resourcefulness {Will- Regen+
                  | rCorr Str+9}
  2948 | D:3      | Noticed Robin
  2956 | D:3      | Reached ** piety under Qazlal
  2959 | D:3      | Killed Robin
  3014 | D:3      | Noticed a water moccasin
  3018 | D:3      | HP: 2/41 [water moccasin[Robin] (1)]
  3019 | D:3      | Succumbed to a water moccasin's poison

Illustrated notes

Levels and vault maps discovered:
D:1:      onia_arrival_mini_spirals, layout_loops_cross, serial_rivers,
          chequers_serial_rivers_large_a, chequers_serial_rivers_small_3,
          chequers_serial_rivers_micro_b, chequers_serial_rivers_micro_e,
          chequers_serial_rivers_large_b
D:2:      layout_basic, ebering_ecumenical_altar_webs,
          kennysheep_generic_room_13
D:3:      kennysheep_goblin_castle, layout_loops_corners,
          mainiacjoe_overflow_alcove_1, lemuel_crystal_altar, serial_shops,
          nicolae_shop_trees, chequers_serial_rivers_micro_b,
          guppyfry_early_orc_mine

Skill      XL: |  1  2  3 |
---------------+----------+-----
Fighting       | 4 |  4.4
Armour         | 4 |  4.9
Shields        | 4 |  4.1
Axes           | 3 |  3.8
Dodging        | |  0.2
Stealth        | |  0.3

Action                   |  1- 3 |  4- 6 || total
-------------------------+-------+-------++-------
Melee: War axe           |    85 |    60 ||   145
       Headbutt          |    13 |     5 ||    18
  Use: Potion            |       |     1 ||     1
Armor: Scale mail        |    34 |    41 ||    75
Dodge: Dodged            |    44 |    43 ||    87
Block: Buckler           |    20 |    33 ||    53
